 Dungeon Crawl Stone Soup version 0.29.1-13-g9f3cf754e1 (webtiles) character file.

Game seed: 6850931841644631845

16 Chiseanne the Poker (level 2, 0/23 HPs)
             Began as a Demonspawn Wanderer on Jan 30, 2023.
             Succumbed to an adder's poison
             ... on level 2 of the Dungeon.
             The game lasted 00:01:21 (1220 turns).

Chiseanne the Poker (Demonspawn Wanderer)           Turns: 1220, Time: 00:01:23

Health: 0/23       AC:  4    Str: 11    XL:     2   Next: 37%
Magic:  3/3        EV: 12    Int: 13    God:
Gold:   42         SH:  0    Dex: 13    Spells: 2/3 levels left

rFire   . . .      SeeInvis .   a - +3 spear
rCold   . . .      Faith    .   (no shield)
rNeg    . . .      Spirit   .   d - +0 robe
rPois   .          Reflect  .   (no helmet)
rElec   .          Harm     +   e - scarf {harm}
rCorr   .          Rampage  .   q - +0 pair of gloves
Will    .....                   b - +0 pair of boots
Stlth   +.........              (no amulet)
HPRegen 0.07/turn               (no ring)
MPRegen 0.08/turn               (no ring)

@: lethally poisoned (0 -> -10)
A: weakness stinger 1
a: no special abilities


You were on level 2 of the Dungeon.
You visited 1 branch of the dungeon, and saw 2 of its levels.

You collected 42 gold pieces.

Inventory:

Hand Weapons
 a - a +3 spear (weapon)
Missiles
 g - 7 stones
 k - 3 poisoned darts
 l - 2 boomerangs
 n - 5 atropa-tipped darts
 p - 6 datura-tipped darts
Armour
 b - a +0 pair of boots (worn)
 d - a +0 robe (worn)
 e - a scarf of harm (worn)
 q - a +0 pair of gloves (worn)
Scrolls
 c - a scroll of fear
 r - a scroll of butterflies
Potions
 f - a potion of resistance
 s - a potion of haste {unknown}
 t - a potion of attraction {unknown}


   Skills:
 * Level 2.5 Fighting
 - Level 2.6 Polearms
 * Level 2.3 Dodging
 - Level 1.0 Spellcasting
 - Level 1.7 Fire Magic


You had 2 spell levels left.
You knew the following spells:

 Your Spells              Type           Power      Damage    Failure   Level
a - Foxfire               Conj/Fire      8%         2x1d4     21%         1

Your spell library contained the following spells:

 Spells                   Type           Power      Damage    Failure   Level
 Ignite Poison            Fire/Tmut/Pois 2%         N/A       54%         3


Dungeon Overview and Level Annotations

Branches:
Dungeon (2/15)

Altars:


Innate Abilities, Weirdness & Mutations

You have a small tail.


Message History

The adder moves out of view.
You hit the adder.
Your tail-slap misses the adder.
The adder is lightly wounded.
The adder bites you but does no damage.
You miss the adder.
The adder is lightly wounded.
The adder bites you.
You are poisoned.
The adder poisons you!
You miss the adder.
The adder is lightly wounded.
You feel sick. The adder bites you. x2
You are more poisoned.
The adder poisons you!
You puncture the adder!
The adder is almost dead.
You feel very sick. The adder bites you.
You hit the adder but do no damage.
The adder is almost dead.
You feel sick. The adder bites you but does no damage.
You closely miss the adder.
The adder is almost dead.
* * * LOW HITPOINT WARNING * * *
You feel sick. The adder bites you.
* * * LOW HITPOINT WARNING * * *
You closely miss the adder.
The adder is almost dead.
* * * LOW HITPOINT WARNING * * *
You feel sick. The adder barely misses you. The adder completely misses you.
You closely miss the adder.
Your tail-slap misses the adder.
The adder is almost dead.
* * * LOW HITPOINT WARNING * * *
You feel sick. The adder bites you.
* * * LOW HITPOINT WARNING * * *
You are more poisoned.
The adder poisons you!
You closely miss the adder.
Your tail-slap misses the adder.
The adder is severely wounded.
You die...

#..<# #.###
#.# . #.# ..
#.# ... #.#
.... #.# ....#
###.####......
#.....@SJ.....
########......
..##. .# .. ..
.


You could see an adder and an endoplasm.

Vanquished Creatures
  A dart slug (D:1)
  2 endoplasms (D:1)
  2 giant cockroaches (D:1)
  A goblin (D:1)
  A hobgoblin (D:1)
  A quokka (D:1)
  2 ball pythons (D:1)
  A frilled lizard (D:1)
  A kobold (D:1)
  A rat (D:1)
13 creatures vanquished.

Notes
Turn   | Place    | Note
-------+----------+-------------------------------------------
     0 | D:1      | Chiseanne the Demonspawn Wanderer began the quest for the
                  | Orb.
     0 | D:1      | Chiseanne set off with the following items: a +2 spear, a
                  | +0 pair of boots, a scroll of fear, a +0 robe; and the
                  | following spell memorised: Foxfire; and the following
                  | spells available to memorise: Ignite Poison.
     0 | D:1      | Reached XP level 1. HP: 16/16 MP: 2/2
   236 | D:1      | Found a faded altar of an unknown god.
   542 | D:1      | Discovered your monstrous ancestry.
   542 | D:1      | Gained mutation: You have a small tail. [demonic ancestry]
   542 | D:1      | Reached XP level 2. HP: 19/23 MP: 3/3
  1220 | D:2      | Succumbed to an adder's poison

Illustrated notes

Levels and vault maps discovered:
D:1:      nzn_arrival_depleted_hourglass, layout_loops_corners,
          shapermc_ecumenical_altar_notcrosses
D:2:      layout_basic

Skill      XL: |  1 |
---------------+----+-----
Dodging        | 2 |  2.3
Fighting       | |  2.5
Polearms       | |  2.6
Spellcasting   | |  1.0
Fire Magic     | |  1.7

Action                   || total
-------------------------++-------
Melee: Spear             ||    48
  Use: Scroll            ||     6
Armor: Robe              ||     7
Dodge: Dodged            ||     9
